 Dungeon Crawl Stone Soup version 0.31-a0-609-g7bf6ffcfed (webtiles) character file.

Game seed: 14866148745169056915

1706307 Midn8 the Middleweight Champion (level 26, 264/264 HPs)
             Began as a Ghoul Warper on Aug 20, 2023.
             Was the Champion of Ru.
             Escaped with the Orb
             ... and 3 runes on Aug 21, 2023!
             The game lasted 04:13:17 (63362 turns).

Midn8 the Middleweight Champion (Ghoul Warper)     Turns: 63362, Time: 04:13:18

Health: 264/264    AC: 47    Str: 27    XL:     26   Next: 56%
Magic:  28/28      EV: 10    Int: 15    God:    Ru [******]
Gold:   1835       SH:  0    Dex:  8    Spells: 17/33 levels left

rFire   + .          .
                       - Unarmed
rCold   + + .        (shield unavailable)
rNeg    + + +        U - +8 pearl dragon scales of Polish {Fly rN+ Will+ Int+2}
rPois   ∞            M - +2 helmet "Bimuvuulo" {rC+ Int+5 Stlth+}
rElec   .            i - +2 cloak {Stlth+}
rCorr   .            K - +2 pair of gloves {hurl}
SInv    .            S - +2 pair of boots
Will    ++...        H - amulet "Tyoralliyl" {RegenMP rF+} Stlth
                     (ring unavailable)
HPRegen 0.64/turn    O - ring of the Tortoise {AC+8}
MPRegen 0.61/turn

%: no passive effects
@: flying
A: claws 1, cold resistance 1, negative energy resistance 3, inhibited
regeneration, torment resistance 2, no potion heal 1, inability to drink after
injury 2, missing a hand, no stealth, inability to train dodging, devour on kill
0: Orb of Zot
}: 3/15 runes: serpentine, barnacled, silver
a: Renounce Religion, Draw Out Power, Power Leap, Apocalypse


You escaped.
You worshipped Ru.
Ru was exalted by your worship.
You visited 10 branches of the dungeon, and saw 48 of its levels.
You visited the Abyss 3 times.
You also visited: Volcano and Wizlab.

You collected 8402 gold pieces.
You spent 6567 gold pieces at shops.

Inventory:

Missiles
 c - 8 darts of dispersal
 n - 53 boomerangs (quivered)
 o - 16 javelins
 p - 14 curare-tipped darts
 r - 13 silver javelins
 I - 7 throwing nets
 Q - 49 poisoned darts
Armour
 i - a +2 cloak of stealth (worn)
 K - a +2 pair of gloves of hurling (worn)
 M - the +2 helmet "Bimuvuulo" (worn) {rC+ Int+5 Stlth+}
   (You found it on level 5 of the Vaults)

   Int+5:     It affects your intelligence (+5).
   rC+:       It protects you from cold.
   Stlth+:    It makes you more stealthy.
 S - a +2 pair of boots (worn)
 U - the +8 pearl dragon scales of Polish (worn) {Fly rN+ Will+ Int+2}
   (You found it on level 5 of the Vaults)

   Int+2:     It affects your intelligence (+2).
   rN+:       It protects you from negative energy.
   Will+:     It increases your willpower.
   Fly:       It grants you flight.
Jewellery
 e - a ring of protection from fire
 w - a ring of willpower
 H - the amulet "Tyoralliyl" (around neck) {RegenMP rF+}
   (You found it on level 2 of the Lair of Beasts)

   [amulet of magic regeneration]

   RegenMP:   It increases your rate of magic regeneration.
   rF+:       It protects you from fire.
 O - the ring of the Tortoise (right hand) {AC+8}
   (You bought it in a shop on level 4 of the Vaults)

   [ring of protection]

   AC+8:      It affects your AC (+8).
 P - a +5 ring of evasion
 X - an amulet of the acrobat
Wands
 a - a wand of mindburst (35)
 l - a wand of paralysis (24)
 A - a wand of quicksilver (24)
 B - a wand of polymorph (17)
 F - a wand of iceblast (36)
 V - a wand of digging (7)
Scrolls
 b - 3 scrolls of blinking
 h - 19 scrolls of teleportation
 u - 16 scrolls of identify
 z - 12 scrolls of fog
 C - 7 scrolls of silence
 G - 11 scrolls of immolation
 J - 8 scrolls of amnesia
 L - 2 scrolls of torment
 N - 3 scrolls of enchant armour
 R - 7 scrolls of poison
 T - 4 scrolls of fear
 Z - 6 scrolls of vulnerability
Potions
 d - 28 potions of curing
 f - 8 potions of might
 k - 5 potions of invisibility
 m - 4 potions of haste
 q - 4 potions of magic
 s - 7 potions of brilliance
 t - 11 potions of heal wounds
 v - a potion of ambrosia
 x - 5 potions of cancellation
 W - 4 potions of resistance
 Y - 7 potions of enlightenment
Miscellaneous
 g - a phantom mirror
 j - a box of beasts (inert)
 D - a lightning rod (4/4)
 E - a tin of tremorstones (2/2)


   Skills:
 + Level 26.8 Fighting
 - Level 18.0 Throwing
 - Level 14.8 Armour
 O Level 27 Unarmed Combat
 - Level 4.0 Spellcasting
 - Level 12.0 Translocations
 - Level 7.0 Air Magic
 - Level 14.0 Evocations


You had 17 spell levels left.
You knew the following spells:

 Your Spells              Type           Power      Damage    Failure   Level
a - Manifold Assault      Tloc           39%        N/A       2%          4
b - Lesser Beckoning      Tloc           78%        N/A       1%          2
g - Passage of Golubria   Tloc           39%        N/A       2%          4
p - Apportation           Tloc           78%        N/A       1%          1
v - Vhi's Electric Charg  Tloc/Air       62%        N/A       2%          3
B - Blink                 Tloc           78%        N/A       1%          2

Your spell library contained the following spells:

 Spells                   Type           Power      Damage    Failure   Level
 Gell's Gravitas          Tloc           39%        N/A       1%          3
 Teleport Other           Tloc           39%        N/A       1%          3
 Momentum Strike          Conj/Tloc      42%        3d9       4%          2
 Swiftness                Air            24%        N/A       6%          3
 Shock                    Conj/Air       52%        1d6       9%          1
 Volatile Blastmotes      Fire/Tloc      42%        2d13      9%          3
 Poisonous Vapours        Pois/Air       26%        N/A       13%         2
 Airstrike                Air            12%        2d(2-18)  21%         4
 Cigotuvi's Dreadful Rot  Necr/Pois/Air  18%        N/A       22%         2
 Iskenderun's Mystic Bla  Conj/Tloc      21%        2d6       30%         4
 Necrotise                Necr           12%        1d4       34%         1
 Sandblast                Erth           6%         2d5       34%         1
 Sting                    Tmut/Pois      12%        1d3       34%         1
 Summon Small Mammal      Summ           12%        N/A       34%         1
 Dispersal                Tloc           19%        N/A       36%         6
 Mephitic Cloud           Conj/Pois/Air  9%         N/A       38%         3
 Ensorcelled Hibernation  Hex/Ice        6%         N/A       47%         2
 Passwall                 Tmut/Erth      2%         N/A       47%         2
 Summon Forest            Summ/Tloc      10%        N/A       63%         5
 Dazzling Flash           Conj/Hex       6%         N/A       71%         3
 Frozen Ramparts          Ice            6%         1d1       71%         3
 Hailstorm                Conj/Ice       3%         3d3       71%         3
 Ignite Poison            Fire/Tmut/Pois 3%         N/A       71%         3
 Inner Flame              Hex/Fire       3%         N/A       71%         3
 Ozocubu's Armour         Ice            3%         N/A       71%         3
 Stone Arrow              Conj/Erth      6%         3d7       71%         3
 Tukima's Dance           Hex            3%         N/A       71%         3
 Arcjolt                  Conj/Air       6%         1d16      93%         5
 Silence                  Hex/Air        6%         N/A       93%         5
 Anguish                  Hex/Necr       1%         N/A       98%         4
 Cause Fear               Hex            1%         N/A       98%         4
 Dispel Undead            Necr           3%         3d7       98%         4
 Flame Wave               Conj/Fire      3%         2d5       98%         4
 Fulminant Prism          Conj/Hex       1%         3d5       98%         4
 Olgreb's Toxic Radiance  Pois           3%         N/A       98%         4
 Petrify                  Tmut/Erth      3%         N/A       98%         4
 Summon Ice Beast         Ice/Summ       3%         N/A       98%         4
 Freezing Cloud           Conj/Ice/Air   4%         6-21      98%         5
 Alistair's Intoxication  Tmut/Pois      2%         N/A       100%        5
 Fireball                 Conj/Fire      1%         3d3       100%        5
 Irradiate                Conj/Tmut      1%         3d12      100%        5
 Metabolic Englaciation   Hex/Ice        1%         N/A       100%        5
 Yara's Violent Unravell  Hex/Tmut       1%         3d3       100%        5
 Death Channel            Necr           1%         N/A       100%        6
 Eringya's Noxious Bog    Tmut/Pois      1%         4d6       100%        6
 Plasma Beam              Fire/Air       6%         2x1d17    100%        6
 Simulacrum               Ice/Necr       1%         N/A       100%        6
 Starburst                Conj/Fire      1%         6d3       100%        6
 Enfeeble                 Hex            1%         N/A       100%        7
 Malign Gateway           Summ/Tloc      10%        N/A       100%        7
 Orb of Destruction       Conj           1%         9d5       100%        7
 Ozocubu's Refrigeration  Ice            1%         4d7       100%        7
 Summon Hydra             Summ           1%         N/A       100%        7
 Discord                  Hex            1%         N/A       100%        8
 Ignition                 Fire           1%         3d3       100%        8
 Lehudib's Crystal Spear  Conj/Erth      1%         10d2      100%        8
 Maxwell's Capacitive Co  Air            12%        ∞         100%        8
 Summon Horrible Things   Summ           1%         N/A       100%        8
 Fire Storm               Conj/Fire      1%         8d1       100%        9
 Polar Vortex             Ice            1%         N/A       100%        9
 Wereblood                Tmut           Unusable   N/A       N/A         2

Dungeon Overview and Level Annotations

Branches:
Dungeon (15/15)            Temple (1/1) D:4            Lair (5/5) D:10
 Shoals (4/4) Lair:3        Snake (4/4) Lair:2        Slime (0/5) Lair:5
    Orc (2/2) D:12            Elf (0/3) Orc:2        Vaults (5/5) D:14
  Crypt (3/3) Vaults:2     Depths (4/4) D:15            Zot (5/5) Depths:4
Volcano (visited)          WizLab (visited)
   Tomb: Crypt:3

Altars:
Ashenzari
Cheibriados
Dithmenos
Fedhas
Gozag
Hepliaklqana
Kikubaaqudgha
Makhleb
Nemelex Xobeh
Okawaru
Qazlal
Ru
Sif Muna
Trog
Uskayaw
Vehumet
Wu Jian
Xom
Yredelemnul
Jiyva

Shops:
D:2 (   D:3 !   D:6 !   D:9 (   D:12 (   D:13 (   Orc:1 :=(   Orc:2 ****
Shoals:4 ([=   Snake:1 ?   Snake:4 *=   Vaults:1 [   Vaults:4 =   Depths:1 :

Portals:
Hell: Depths:1 Depths:2 Depths:3 Depths:4
Abyss: Depths:3
Pandemonium: Depths:2 Depths:4
Ziggurat: Depths:4
Trove: D:13 (give 15 scrolls of teleportation)

Annotations:
D:4 1 runed translucent door
D:7 3 runed translucent doors, Shayle's ghost, novice OgSh
D:9 3 exclusions
Lair:4 exclusion: oklob plant
Lair:5 exclusion: obsidian statue
Shoals:2 1 runed translucent door, Godd's ghost, adept MfSh
Snake:3 2 transporters
Vaults:2 1 transporter, exclusion: obsidian statue
Crypt:2 1 runed translucent door, Pooter's ghost, adept MiBe
Zot:2 4 transporters
Zot:5 1 exclusion


Innate Abilities, Weirdness & Mutations

You are immune to poison.
You have sharp fingernails.
Your flesh is cold resistant. (rC+)
You are immune to negative energy. (rN+++)
You do not regenerate when monsters are visible.
You are immune to unholy pain and torment.
Potions are less effective at restoring your health.
You sometimes lose the ability to drink potions when taking damage.
You are missing a hand.
You cannot be stealthy.
You cannot train Dodging skill.
You thrive by killing the living.


Message History

a +0 mace; a +0 spear
There is a stone staircase leading up here.
You fly upwards.
A soul eater comes into view.
There is a stone staircase leading down here.
Casting: Vhi's Electric Charge (mildly dangerous; 2% risk of failure)
Confirm with . or Enter, or press ? or * to list all spells.
Charge where?
Press: ? - help, Dir - move target, f - soul eater
Aim: a soul eater (88% to hit)
You charge forward with an electric crackle!
You pulverise the soul eater and electrocute it!!!
The soul eater is almost dead.
Unknown command.
You closely miss the soul eater.
The soul eater is almost dead.
You pulverise the soul eater!!!
You kill the soul eater!
What level of the Dungeon? (default 1, ? - help) Magic restored.
There is a stone staircase leading up here.
You fly upwards.
Level annotation: 1 runed translucent door
There is a stone staircase leading down here.
There is a stone staircase leading up here.
You fly upwards.
There is a stone staircase leading down here.
There is a stone staircase leading up here.
You see here a potion of degeneration.
You fly upwards.
There is a stone staircase leading down here.
There is a stone staircase leading up here.
You fly upwards.
There is a stone staircase leading down here.
There is an open gate here.
There is an open door here.
There is an open door here.
There is an escape hatch in the floor here.
There is a staircase leading out of the dungeon here.
You have escaped!

## #.~~~.≈~..##.##.#..... #
#..~~~~~..#.....####.. #
#.......######## #.# # ####
####### #### #.. ### ##.§## #~.~#
##..## #### ..#####.§§§## ##'##
#....# #...
......#§§§§####...####....####.##
..###.§§§§§#8#.....#.#....#.#....
### #.§§#.§'.'.>@..'.#....#....##
# #.'§#§.#8#.....#.#....#....## #
###...§####...####....##...## #
#.#§.## ##'## #....##...## #
##..## #≈.≈# ##..##....## # ####
####### #####....# # #...≈...#
#......# # #.§.≈.≈...# #.###+###
# #.≈≈.≈§≈§.# #.# #....


There were no monsters in sight!

Vanquished Creatures
  A dread lich (Vaults:5)
  2 ancient liches (Vaults:5)
  2 juggernauts
  Mara (Depths:2)
  Sojobo (Vaults:5)
  Bai Suzhen (Depths:2)
  Margery (Crypt:1)
  Vashnia (Snake:4)
  Nikola (Vaults:1)
  4 golden dragons
  the Enchantress (Depths:2)
  2 bone dragons
  3 hellephants
  3 electric golems (Zot:1)
  A Brimstone Fiend (Depths:3)
  Rupert (D:14)
  4 liches
  Zenata (Crypt:1)
  Jorgrun (Orc:2)
  A moon troll (WizLab)
  A walking frostbound tome (Depths:3)
  7 titans
  9 tentacled monstrosities
  A deep elf master archer (Depths:3)
  3 walking divine tomes
  A quicksilver dragon (Zot:1)
  3 sphinxes
  Frances (Shoals:1)
  5 death cobs
  A kraken (Shoals:4)
  7 tengu reavers
  13 tentacled starspawn
  13 storm dragons
  An Executioner (D:13)
  5 shadow dragons
  5 nagarajas
  2 draconian knights (Zot:1)
  Roxanne (D:15)
  Donald (Vaults:2)
  3 revenants
  6 fire giants
  2 azure jellies (Vaults:4)
  14 vault wardens
  3 iron dragons
  11 frost giants
  2 deep elf sorcerers (Depths:3)
  An angel (Abyss:2)
  A curse skull (Crypt:1)
  A deep elf elementalist (Depths:3)
  Louise (Shoals:1)
  9 ghouls
  2 balrugs (Depths:3)
  3 cacodemons (WizLab)
  A stone giant (shapeshifter) (Vaults:5)
  A caustic shrike skeleton (Crypt:2)
  A draconian shifter (Zot:3)
  12 ironbound preservers
  5 spriggan defenders
  8 war gargoyles
  An orc warlord (Vaults:3)
  34 very ugly things
  3 draconian annihilators
  8 ironbound thunderhulks
  A draconian stormcaller (Zot:1)
  15 stone giants
  A reaper (Depths:4)
  10 vampire knights
  2 deep elf demonologists (Depths:3)
  4 green draconians
  11 dire elephants
  2 elemental wellsprings (Shoals:3)
  An eleionoma (shapeshifter) (Depths:3)
  2 black draconians (Zot:1)
  2 deep elf annihilators (Depths:3)
  4 purple draconians
  2 yellow draconians
  5 spark wasps
  7 eidola
  3 white draconians
  16 ettins
  Snorg (Orc:1)
  5 fire dragons
  2 green deaths (Depths:2)
  6 merfolk impalers
  14 jiangshi
  5 merfolk javelineers
  2 deep elf death magi
  A fire dragon (shapeshifter) (Depths:1)
  Josephine (D:14)
  2 crystal guardians (Vaults:3)
  2 entropy weavers
  Harold (D:11)
  5 deep elf high priests
  15 yaktaur captains
  2 hydras
  14 great orbs of eyes
  32 vault guards
  5 rakshasas
  2 servants of whispers (Vaults:3)
  3 peacekeepers
  A catoblepas (Lair:4)
  5 spriggan air magi
  Erolcha (D:13)
  4 ice dragons
  5 salamander tyrants
  7 ironbound frosthearts
  2 alligator snapping turtles
  9 merfolk avatars
  A radroach (shapeshifter) (Vaults:5)
  10 centaur warriors
  A fenstrider witch skeleton (Crypt:2)
  The ghost of LobsterGuardian the Covert, a journeyman DsEn of Gozag (D:11)
  An alligator (shapeshifter) (Vaults:5)
  7 anacondas
  9 deep troll shamans
  A dancing weapon (Abyss:2)
  10 two-headed ogres
  3 boulder beetles
  5 death knights
  8 merfolk aquamancers
  5 ogre magi
  8 vampire magi
  14 naga warriors
  3 satyrs
  3 tengu warriors
  9 deep troll earth magi
  A death yak (Lair:5)
  4 hell hogs
  4 spriggan berserkers
  9 shock serpents
  The ghost of bahustanut the Martial Artist, a novice OpSh of Gozag (Lair:1)
  15 naga sharpshooters
  A thrashing horror (Abyss:2)
  A titan zombie (Abyss:2)
  6 soul eaters
  2 iron trolls (Depths:4)
  A fire crab (Vaults:4)
  2 titan skeletons
  3 spriggans
  A storm dragon zombie (Crypt:2)
  4 deep elf knights
  22 hell knights
  13 skeletal warriors
  6 salamander mystics
  4 wretched stars
  4 sun demons
  A death drake (Vaults:4)
  5 skysharks
  A spectral death yak (Lair:5)
  Lodul (D:14)
  11 sea snakes
  6 flayed ghosts
  2 sixfirhies
  An orange crystal statue (WizLab)
  A bunyip zombie (Crypt:2)
  3 deep elf archers (Depths:3)
  A spectral anaconda (Lair:5)
  43 deep trolls
  12 naga ritualists
  7 glowing orange brains
  A swamp dragon (shapeshifter) (Depths:1)
  16 starcursed masses
  An anaconda skeleton (Crypt:2)
  17 wizards
  A bog body (Crypt:1)
  17 ironbound convokers
  11 lindwurms
  8 orc knights
  13 mana vipers
  12 harpies
  4 deep elf pyromancers
  14 necromancers
  16 phantasmal warriors
  A wolf spider (Vaults:4)
  16 fauns
  5 deep elf zephyrmancers (Depths:3)
  A shining eye (shapeshifter) (Vaults:5)
  A will-o-the-wisp (Abyss:2)
  41 ugly things
  A stone giant zombie (Crypt:2)
  12 salamanders
  9 orc sorcerers (Orc:2)
  11 manticores
  8 moths of wrath
  4 cyclopes
  3 elephants (Lair:5)
  2 apocalypse crabs
  11 merfolk sirens
  2 dire elephant zombies (Crypt:2)
  3 rust devils
  A stone giant skeleton (Crypt:2)
  47 black mambas
  21 naga magi
  28 vault sentinels
  A guardian serpent (shapeshifter) (Vaults:3)
  8 molten gargoyles
  4 guardian serpents
  10 cane toads
  6 eyes of devastation (WizLab)
  4 water nymphs
  4 orange demons
  2 ice statues (Vaults:4)
  2 torpor snails
  4 smoke demons
  An eye of devastation (shapeshifter) (Vaults:5)
  A hellion (Depths:2)
  3 rime drakes
  2 kobold demonologists
  A yaktaur zombie (Vaults:1)
  2 unseen horrors
  A centaur skeleton (Crypt:2)
  17 komodo dragons
  2 naga skeletons (Crypt:2)
  A shock serpent skeleton (Crypt:2)
  7 freezing wraiths
  An anaconda simulacrum (Vaults:4)
  An efreet (D:15)
  27 yaktaurs
  2 tormentors
  An unseen horror skeleton (Crypt:2)
  2 pale draconian skeletons
  An ancient zyme (Abyss:2)
  4 red devils
  2 harpy zombies (Crypt:2)
  8 tengu conjurers
  An ice devil (Depths:2)
  39 merfolk
  6 hellwings
  A queen bee (shapeshifter) (Vaults:1)
  A tarantella (shapeshifter) (Vaults:5)
  6 wind drakes
  A shadow dragon simulacrum (Crypt:1)
  A polar bear (Lair:4)
  A harpy skeleton (Crypt:2)
  3 meliai (D:15)
  7 hornets
  2 saltlings (Vaults:3)
  2 raiju (Abyss:2)
  12 trolls
  24 blink frogs
  A spectral elephant (Lair:5)
  A tarantella (Vaults:4)
  Prince Ribbit (Lair:3)
  Grinder (D:4)
  11 dream sheep
  34 slime creatures
  19 flying skulls
  9 large abominations
  13 snapping turtles
  An elf skeleton (Vaults:1)
  A jumping spider (Vaults:3)
  4 ynoxinuls
  A centaur simulacrum (D:14)
  2 shadows
  4 wyverns
  A dire elephant simulacrum (Lair:5)
  A black mamba skeleton (Crypt:1)
  18 water elementals
  55 yaks
  12 wraiths
  2 fire elementals (Vaults:4)
  8 humans (D:14)
  12 fire bats
  2 basilisks
  8 golden eyes (WizLab)
  A wind drake zombie (Crypt:1)
  8 redbacks
  6 neqoxecs
  A hog (Vaults:4)
  13 chaos spawn
  2 death yak simulacra (Lair:5)
  A spectral cane toad (Lair:5)
  4 vampire mosquitoes
  A steam dragon (D:7)
  A harpy simulacrum (Vaults:4)
  A yaktaur simulacrum (Vaults:1)
  5 wargs
  44 nagas
  A naga zombie (Crypt:1)
  2 acid dragons (D:11)
  A water nymph zombie (Crypt:2)
  23 water moccasins
  A hydra simulacrum (Vaults:4)
  A floating eye (shapeshifter) (Vaults:1)
  5 small abominations (Abyss:2)
  A water moccasin (shapeshifter) (Vaults:5)
  Duvessa (D:6)
  2 sky beasts
  4 black bears
  A black bear (shapeshifter) (Vaults:5)
  3 ice beasts
  17 orc warriors
  18 ogres
  7 wolves
  2 black mamba simulacra (Vaults:4)
  A boggart (D:9)
  7 centaurs
  3 human skeletons
  A snapping turtle skeleton (Crypt:1)
  An elephant skeleton (Lair:5)
  2 elephant zombies (Lair:5)
  2 kobold brigands (D:9)
  A phantom (D:3)
  11 bullfrogs
  3 necrophages (Crypt:2)
  A cane toad simulacrum (Lair:5)
  4 scorpions
  A draconian skeleton (Crypt:1)
  A yaktaur skeleton (Crypt:1)
  A cyclops skeleton (Crypt:2)
  2 wyvern skeletons (Crypt:3)
  3 wights (D:7)
  Dowan (D:6)
  2 elephant simulacra (Vaults:4)
  13 killer bees
  A troll skeleton (Crypt:1)
  A vampire bat (Vaults:4)
  An electric eel (Snake:2)
  8 howler monkeys
  8 lava snakes
  3 quasits (Abyss:2)
  A hound (D:5)
  3 human zombies
  An iron imp (Abyss:2)
  5 orc priests
  2 gnoll boudas (D:7)
  5 jellies
  A sleepcap (D:8)
  2 iguanas
  35 orc wizards
  6 hell rats (Lair:5)
  A deep dwarf skeleton (Crypt:2)
  A hound skeleton (Crypt:1)
  18 gnolls
  A naga simulacrum (Vaults:4)
  3 adders
  6 white imps
  5 ufetubi
  A jelly zombie (Crypt:2)
  A dart slug (D:1)
  60 orcs
  6 bats
  A bat skeleton (Crypt:1)
  10 endoplasms
  4 giant cockroaches
  4 goblins
  4 hobgoblins
  21 kobolds
  2 quokkas
  3 ball pythons
  A ball python zombie (Crypt:1)
  A kobold skeleton (D:4)
  An orc zombie (Crypt:1)
  3 rats
  5 starspawn tentacles
  3 tentacles (Shoals:4)
2094 creatures vanquished.

Vanquished Creatures (collateral kills)
  A vault guard (Vaults:5)
1 creature vanquished.

Vanquished Creatures (others)
  An ancient lich (Vaults:5)
  A deep elf sorcerer (Vaults:5)
  A frost giant (Vaults:5)
  A juggernaut zombie (Crypt:2)
  A draconian stormcaller (Depths:4)
  A very ugly thing (Vaults:5)
  2 yaktaur captains
  A jiangshi (Crypt:1)
  2 vault guards (D:14)
  A hydra (D:14)
  A deep elf knight (Depths:3)
  A sea snake (Shoals:4)
  A wizard (Vaults:4)
  A mana viper (Snake:4)
  A lindwurm (Lair:2)
  A deep elf zephyrmancer (Vaults:5)
  A faun (Shoals:3)
  An ugly thing (Depths:1)
  A manticore (Shoals:3)
  A merfolk siren (Shoals:1)
  A black mamba (Snake:4)
  A blink frog (Lair:5)
  A water elemental (Shoals:4)
  A yak (D:10)
  A human (D:14)
  An orc warrior (Vaults:5)
  A killer bee (D:9)
  An orc wizard (Orc:2)
  3 orcs
  4 foxfires (Abyss:2)
  18 starspawn tentacles
  2 tentacles (Shoals:4)
57 creatures vanquished.

Grand Total: 2152 creatures vanquished

Notes
Turn   | Place    | Note
-------+----------+-------------------------------------------
     0 | D:1      | Midn8 the Ghoul Warper began the quest for the Orb.
     0 | D:1      | Reached XP level 1. HP: 17/17 MP: 2/2
   149 | D:1      | Reached skill level 3 in Unarmed Combat
   149 | D:1      | Reached XP level 2. HP: 24/24 MP: 3/3
   379 | D:1      | Reached XP level 3. HP: 29/29 MP: 4/4
   928 | D:2      | Reached skill level 4 in Unarmed Combat
   963 | D:2      | Found Videdosh's Antique Weapon Shop.
   974 | D:2      | Found a faded altar of an unknown god.
  1309 | D:2      | Learned a level 2 spell: Blink
  1434 | D:3      | Reached XP level 4. HP: 36/36 MP: 5/5
  1500 | D:3      | Noticed a phantom
  1785 | D:4      | Reached skill level 5 in Unarmed Combat
  1792 | D:4      | Found a staircase to the Ecumenical Temple.
  1801 | Temple   | Entered the Ecumenical Temple
  1810 | Temple   | Became a worshipper of Ru the Awakened
  1832 | D:4      | Noticed an ogre
  1832 | D:4      | Noticed a scorpion
  1879 | D:3      | Found Maxkuxty's Distillery.
  1899 | D:3      | Killed a phantom
  1900 | D:3      | Reached XP level 5. HP: 22/41 MP: 6/6
  1983 | D:3      | Bought a potion of heal wounds for 70 gold pieces
  1983 | D:3      | Bought a potion of might for 56 gold pieces
  2282 | D:4      | Reached skill level 6 in Unarmed Combat
  2368 | D:4      | Found a runed translucent door.
  2368 | D:4      | Noticed a human
  2374 | D:4      | Found a basalt altar of Yredelemnul.
  2387 | D:4      | Reached XP level 6. HP: 51/52 MP: 7/7
  2414 | D:4      | Found an ancient bone altar of Kikubaaqudgha.
  2464 | D:4      | Noticed Grinder
  2464 | D:4      | Paralysed by Grinder for 4 turns
  2475 | D:4      | Killed Grinder
  2476 | D:4      | Reached skill level 7 in Unarmed Combat
  2610 | D:4      | Found a hide-covered altar of Uskayaw.
  2635 | D:4      | Found a hazy altar of Hepliaklqana.
  2692 | D:4      | Reached XP level 7. HP: 30/59 MP: 8/8
  2955 | D:5      | Entered Level 5 of the Dungeon
  2973 | D:5      | Reached skill level 8 in Unarmed Combat
  3358 | D:5      | Reached skill level 9 in Unarmed Combat
  3683 | D:6      | Reached XP level 8. HP: 62/67 MP: 9/9
  3697 | D:6      | Gained mutation: You are missing a hand. [Ru sacrifice]
  3697 | D:6      | Reached * piety under Ru
  3697 | D:6      | Reached ** piety under Ru
  4537 | D:6      | Reached skill level 5 in Fighting
  4660 | D:6      | Found Ucsotees's Distillery.
  4673 | D:6      | Found the +11 plutonium sword {Contam Stlth-}
  5209 | D:6      | Noticed Duvessa
  5219 | D:6      | Killed Duvessa
  5261 | D:6      | Noticed Dowan
  5271 | D:6      | Killed Dowan
  5281 | D:6      | Found a sparkling altar of Nemelex Xobeh.
  5367 | D:6      | You fall into a shaft and drop 3 floors!
  5495 | D:7      | Reached skill level 10 in Unarmed Combat
  5504 | D:7      | Gained mutation: You occasionally lose the ability to drink
                  | potions when taking damage. [Ru sacrifice]
  5504 | D:7      | Gained mutation: You sometimes lose the ability to drink
                  | potions when taking damage. [Ru sacrifice]
  5504 | D:7      | Reached *** piety under Ru
  5504 | D:7      | Reached **** piety under Ru
  5670 | D:7      | Reached skill level 11 in Unarmed Combat
  5670 | D:7      | Reached skill level 1 in Armour
  5670 | D:7      | Reached XP level 9. HP: 60/75 MP: 10/10
  5994 | D:7      | Found a runed translucent gate.
  5994 | D:7      | Found a runed translucent gate.
  5994 | D:7      | Found a runed translucent gate.
  5995 | D:7      | Noticed Shayle's ghost (novice OgSh)
  6801 | D:8      | Reached skill level 1 in Evocations
  7049 | D:8      | Noticed a two-headed ogre
  7127 | D:8      | Gained mutation: You cannot be stealthy. [Ru sacrifice]
  7142 | D:8      | Found a snail-covered altar of Cheibriados.
  7199 | D:8      | Noticed a hornet
  7209 | D:8      | Killed a hornet
  7210 | D:8      | Reached XP level 10. HP: 69/88 MP: 11/11
  7314 | D:8      | Reached skill level 1 in Throwing
  7505 | D:9      | Identified the ring of Lut Xeg {Fire Dex+5}
  7505 | D:9      | Noticed a tengu warrior
  7589 | D:8      | Killed a two-headed ogre
  7734 | D:9      | Reached skill level 5 in Armour
  8187 | D:9      | Reached skill level 12 in Unarmed Combat
  8206 | D:9      | Found a stormy altar of Qazlal.
  8271 | D:9      | Found Waduwy's Weapon Boutique.
  8381 | D:9      | Found a shadowy altar of Dithmenos.
  8719 | D:9      | Reached skill level 13 in Unarmed Combat
  8719 | D:9      | Reached XP level 11. HP: 75/94 MP: 12/12
  8887 | D:10     | Entered Level 10 of the Dungeon
  8992 | D:10     | Found a broken altar of Ashenzari.
  9009 | D:10     | Gained mutation: You cannot train Dodging skill. [Ru
                  | sacrifice]
  9009 | D:10     | Reached ***** piety under Ru
  9011 | D:10     | Found a shimmering blue altar of Sif Muna.
  9341 | D:10     | Found a staircase to the Lair.
  9797 | D:10     | Found an ornate altar of the Wu Jian Council.
  9798 | D:10     | Found a shimmering altar of Xom.
  9867 | Lair:1   | Entered Level 1 of the Lair of Beasts
  9906 | Lair:1   | Found a runed translucent door.
  9965 | Lair:1   | Reached skill level 10 in Fighting
 10012 | Lair:1   | You fall into a shaft and drop 1 floor!
 10220 | Lair:1   | Reached skill level 5 in Translocations
 10523 | Lair:1   | Reached skill level 14 in Unarmed Combat
 10808 | Lair:1   | Reached XP level 12. HP: 100/106 MP: 13/13
 10854 | Lair:1   | Gained mutation: Potions are less effective at restoring
                  | your health. [Ru sacrifice]
 10854 | Lair:1   | Reached ****** piety under Ru
 11228 | Lair:1   | Reached skill level 15 in Unarmed Combat
 11548 | Lair:1   | Noticed bahustanut's ghost (novice OpSh)
 11660 | Lair:1   | Killed bahustanut's ghost
 11909 | Lair:2   | Found a staircase to the Snake Pit.
 12783 | Lair:2   | Identified the +0 robe "Fiyr" {rC++ Regen+}
 12855 | Lair:3   | Found a basalt altar of Yredelemnul.
 13082 | Lair:3   | Noticed Prince Ribbit
 13106 | Lair:3   | Killed Prince Ribbit
 13802 | Lair:3   | Reached XP level 13. HP: 117/118 MP: 14/14
 13890 | Lair:3   | Found a staircase to the Shoals.
 14327 | Lair:4   | Reached skill level 16 in Unarmed Combat
 15117 | Lair:4   | Reached skill level 17 in Unarmed Combat
 15615 | Lair:5   | Entered Level 5 of the Lair of Beasts
 15665 | Lair:5   | Reached skill level 18 in Unarmed Combat
 15665 | Lair:5   | Reached XP level 14. HP: 127/127 MP: 15/15
 16381 | Lair:5   | Found a staircase to the Slime Pits.
 16381 | Lair:5   | Found a viscous altar of Jiyva.
 16681 | Lair:5   | Noticed a dire elephant
 16758 | Lair:5   | Noticed a dire elephant
 17048 | Lair:5   | Killed a dire elephant
 17054 | Lair:5   | Killed a dire elephant
 17381 | Lair:2   | Reached XP level 15. HP: 125/130 MP: 19/19
 17503 | Lair:2   | Identified the amulet "Tyoralliyl" {RegenMP rF+}
 17515 | Lair:2   | Identified the +13 chain mail of the Present {Stlth+}
 17710 | D:11     | Noticed Harold
 17735 | D:11     | Killed Harold
 17905 | D:11     | Found a runed translucent gate.
 17906 | D:11     | Found a runed translucent gate.
 17906 | D:11     | Found a runed translucent gate.
 17907 | D:11     | Noticed LobsterGuardian's ghost (journeyman DsEn)
 17946 | D:11     | Learned a level 2 spell: Lesser Beckoning
 18631 | D:11     | Killed LobsterGuardian's ghost
 19208 | D:12     | Found a staircase to the Orcish Mines.
 19209 | D:12     | Found Muoner's Weapon Shop.
 19504 | D:13     | Noticed Erolcha
 19512 | D:13     | Killed Erolcha
 19551 | D:13     | Reached skill level 15 in Fighting
 19555 | D:13     | Learned a level 3 spell: Vhi's Electric Charge
 19594 | D:13     | Reached skill level 1 in Air Magic
 19933 | D:13     | Found Wuskaheq's Antique Weapon Emporium.
 20474 | D:13     | Found a portal to a secret trove of treasure.
 20598 | Orc:1    | Entered Level 1 of the Orcish Mines
 20598 | Orc:1    | Noticed Snorg
 20598 | Orc:1    | Found Fetixkaf's Jewellery Emporium.
 20601 | Orc:1    | Killed Snorg
 20602 | Orc:1    | Reached skill level 5 in Air Magic
 20869 | Orc:1    | Found a dark tunnel.
 20879 | Volcano  | Entered a volcano
 21131 | Volcano  | Found a burning altar of Makhleb.
 21221 | Volcano  | Found a burning altar of Makhleb.
 21340 | Orc:1    | Found Omuugiz's Book Shop.
 21522 | Orc:1    | Found Tumiofy's Weapon Shoppe.
 21583 | Orc:2    | Entered Level 2 of the Orcish Mines
 21856 | Orc:2    | Found a staircase to the Elven Halls.
 22116 | Orc:2    | Found Elyfeal's Assorted Antiques.
 22241 | Orc:2    | Found Donin's General Store.
 22306 | Orc:2    | Found Toylof's Assorted Antiques.
 22339 | Orc:2    | Found Tepumeemm's Assorted Antiques.
 22496 | Orc:2    | Noticed Jorgrun
 22503 | Orc:2    | Killed Jorgrun
 23010 | Orc:2    | Bought a manual of Throwing for 880 gold pieces
 23010 | Orc:2    | Bought a scroll of fear for 44 gold pieces
 23019 | Orc:2    | Bought a wand of paralysis (8) for 595 gold pieces
 23050 | Orc:2    | Bought a pair of embroidered gloves for 217 gold pieces
 23087 | Orc:2    | Bought a +0 pair of boots for 49 gold pieces
 23208 | D:14     | Reached XP level 16. HP: 149/149 MP: 17/21
 23394 | D:14     | Noticed Josephine
 23395 | D:14     | Noticed Rupert
 23434 | D:14     | Killed Rupert
 23513 | D:14     | Killed Josephine
 23608 | D:14     | Reached skill level 19 in Unarmed Combat
 24086 | D:14     | Reached skill level 5 in Throwing
 24566 | D:14     | Found a gate to the Vaults.
 24880 | D:14     | Noticed Lodul
 24896 | D:14     | Killed Lodul
 25179 | Orc:2    | Bought 3 scrolls of torment for 513 gold pieces
 25317 | Snake:1  | Entered Level 1 of the Snake Pit
 25338 | Snake:1  | Reached skill level 10 in Armour
 26103 | Snake:1  | Found Jamuad's Magic Scroll Shoppe.
 26568 | Snake:2  | Reached skill level 10 in Throwing
 27387 | Snake:2  | You fall into a shaft and drop 1 floor!
 27436 | Snake:3  | Noticed a nagaraja
 27521 | Snake:3  | Killed a nagaraja
 27587 | Snake:3  | Reached XP level 17. HP: 152/156 MP: 16/22
 29104 | Snake:3  | Found a transporter.
 29206 | Snake:3  | Found a transporter.
 29270 | Snake:4  | Entered Level 4 of the Snake Pit
 29277 | Snake:4  | Reached skill level 20 in Unarmed Combat
 29373 | Snake:4  | Identified a scroll of acquirement
 29374 | Snake:4  | Acquired 674 gold pieces
 29426 | Snake:1  | Bought a scroll of acquirement for 676 gold pieces
 29426 | Snake:1  | Bought a scroll of revelation for 97 gold pieces
 29426 | Snake:1  | Acquired the +0 pair of gloves of Hedonism {Rampage rElec
                  | Regen+}
 29939 | Snake:4  | Reached skill level 21 in Unarmed Combat
 30405 | Snake:4  | Found Cosuilud's Jewellery Emporium.
 30409 | Snake:4  | Found Eloun's General Store.
 30855 | Snake:4  | Reached XP level 18. HP: 155/168 MP: 5/23
 30897 | Snake:4  | Noticed Vashnia
 30982 | Snake:4  | Killed Vashnia
 31521 | Snake:4  | Got a serpentine rune of Zot
 31765 | D:15     | Entered Level 15 of the Dungeon
 32038 | D:15     | Found a staircase to the Depths.
 32270 | D:15     | Noticed Roxanne
 32291 | D:15     | Killed Roxanne
 32613 | Shoals:1 | Entered Level 1 of the Shoals
 32613 | Shoals:1 | Found a shimmering altar of Xom.
 32681 | Shoals:1 | Noticed Frances
 32691 | Shoals:1 | Killed Frances
 32894 | Shoals:1 | Noticed Louise
 32919 | Shoals:1 | Killed Louise
 33700 | Shoals:2 | Reached skill level 22 in Unarmed Combat
 33761 | Shoals:2 | Found a runed translucent door.
 33762 | Shoals:2 | Found a shimmering altar of Xom.
 33762 | Shoals:2 | Noticed Godd's ghost (adept MfSh)
 33767 | Shoals:2 | Found the +12 glaive of Prune {freeze, Prune}
 34220 | Shoals:2 | Identified the +0 robe "Tipsal" {rC+ Will+}
 35216 | Shoals:3 | Reached skill level 23 in Unarmed Combat
 35223 | Shoals:3 | Reached XP level 19. HP: 39/156 MP: 11/24
 36185 | Shoals:4 | Entered Level 4 of the Shoals
 36461 | Shoals:4 | Found Cofuov's Jewellery Shoppe.
 36474 | Shoals:4 | Found Kiest's Weapon Shoppe.
 36789 | Shoals:4 | Identified the +4 kite shield of the Poles {rElec Dex+3}
 37097 | Shoals:4 | Got a barnacled rune of Zot
 37118 | Shoals:4 | Found Yxkugewk's Armour Boutique.
 38069 | Vaults:1 | Entered Level 1 of the Vaults
 38099 | Vaults:1 | Reached skill level 10 in Translocations
 38169 | Vaults:1 | Noticed Nikola
 38174 | Vaults:1 | Killed Nikola
 38628 | Abyss:2  | Cast into level 2 of the Abyss (a wizard)
 38860 | Abyss:2  | Noticed a bone dragon
 38880 | Abyss:2  | Killed a bone dragon
 38930 | Abyss:2  | Found a corrupted altar of Lugonu.
 38931 | Abyss:2  | Found a corrupted altar of Lugonu.
 38931 | Abyss:2  | Found a corrupted altar of Lugonu.
 38961 | Abyss:2  | Found a corrupted altar of Lugonu.
 39217 | Abyss:2  | Reached XP level 20. HP: 188/191 MP: 25/25
 39220 | Vaults:1 | Escaped the Abyss
 39651 | Vaults:1 | Learned a level 4 spell: Manifold Assault
 39797 | Vaults:1 | Found Waunas's Armour Shop.
 40206 | Vaults:2 | Found a staircase to the Crypt.
 40244 | Vaults:2 | Found a transporter.
 40244 | Vaults:2 | Found a transporter.
 40245 | Vaults:2 | Identified the +1 scale mail "Modinn" {rElec Str+5}
 40849 | Vaults:2 | Reached skill level 24 in Unarmed Combat
 41117 | Vaults:2 | Noticed Donald
 41119 | Vaults:2 | Killed Donald
 41833 | Vaults:3 | Reached skill level 25 in Unarmed Combat
 41906 | Vaults:3 | Reached XP level 21. HP: 166/197 MP: 26/26
 43350 | Vaults:4 | Found Boanuqaxt's Jewellery Emporium.
 43595 | Vaults:4 | Identified the +7 whip of Zupe {flame, Int+2}
 43929 | Vaults:4 | Got Durchov's Codex of Moulding
 44473 | Vaults:4 | Got the Notes on Putridity
 44683 | Vaults:4 | Identified the +5 glaive "Bedwi" {freeze, rElec rPois Str+2
                  | Dex-2}
 44684 | Vaults:4 | Got the Commentary on the Iceberg
 45074 | Vaults:4 | Got Uquidosa's Compendium of Flame
 45422 | Depths:1 | Entered Level 1 of the Depths
 45512 | Crypt:1  | Entered Level 1 of the Crypt
 45626 | Crypt:1  | Noticed Margery
 45638 | Crypt:1  | Killed Margery
 45643 | Crypt:1  | Reached skill level 26 in Unarmed Combat
 45940 | Crypt:1  | Noticed Zenata
 45951 | Crypt:1  | Killed Zenata
 45960 | Crypt:1  | Reached XP level 22. HP: 126/198 MP: 8/27
 46027 | Crypt:1  | Found a magical portal.
 46037 | WizLab   | Entered Lehudib's Moon Base
 46150 | WizLab   | Found a transporter.
 46469 | WizLab   | Reached skill level 27 in Unarmed Combat
 46639 | WizLab   | Identified the amulet "Mukhuan" {Reflect rF- Str+6 Int+6
                  | SH+5}
 46908 | WizLab   | Found a transporter.
 47233 | WizLab   | Identified the amulet of Ynuc {Reflect Harm Dex+5 SH+5}
 48569 | Crypt:2  | Learned a level 4 spell: Passage of Golubria
 48576 | Crypt:2  | Found a runed translucent door.
 48578 | Crypt:2  | Noticed Pooter's ghost (adept MiBe)
 49024 | Crypt:3  | Entered Level 3 of the Crypt
 49624 | Depths:1 | Found Enouned's Self-Published Books.
 49630 | Depths:1 | Bought Mavyr's Directory of Yoinking for 306 gold pieces
 49632 | Depths:1 | Learned a level 1 spell: Apportation
 49765 | Depths:1 | Reached XP level 23. HP: 205/226 MP: 8/28
 50188 | Depths:1 | Found a gateway to Hell.
 50418 | Depths:1 | Identified the +3 sling of Hatred {speed, rC+ rN+ Int+4
                  | Dex-5}
 51124 | Depths:2 | Noticed the Enchantress
 51142 | Depths:2 | Killed the Enchantress
 51355 | Depths:2 | Noticed a juggernaut
 51360 | Depths:2 | Killed a juggernaut
 51367 | Depths:2 | Noticed Bai Suzhen
 51378 | Depths:2 | Killed Bai Suzhen
 51962 | Vaults:4 | Bought the ring of the Tortoise {AC+8} for 2816 gold pieces
 51962 | Vaults:4 | Found the ring of the Tortoise {AC+8}
 52374 | Orc:2    | Bought 2 potions of might for 248 gold pieces
 52826 | Depths:2 | Noticed Mara
 52829 | Depths:2 | Noticed Midn8's illusion
 52941 | Depths:2 | Found a one-way gate leading to the halls of Pandemonium.
 53204 | Depths:2 | Killed Mara
 53963 | Depths:3 | Reached XP level 24. HP: 184/242 MP: 6/28
 53964 | Abyss:2  | Cast into level 2 of the Abyss (a wizard)
 54217 | Depths:3 | Escaped the Abyss
 54302 | Abyss:2  | Found a corrupted altar of Lugonu.
 54302 | Abyss:2  | Cast into level 2 of the Abyss (a wizard)
 54323 | Abyss:2  | Found a broken altar of Ashenzari.
 54362 | Abyss:2  | Found a corrupted altar of Lugonu.
 54367 | Abyss:2  | Found a corrupted altar of Lugonu.
 54367 | Abyss:2  | Found a corrupted altar of Lugonu.
 54452 | Abyss:2  | Found a corrupted altar of Lugonu.
 54481 | Depths:3 | Escaped the Abyss
 54485 | Depths:3 | Reached skill level 15 in Throwing
 55340 | Depths:3 | Noticed a juggernaut
 55348 | Depths:3 | Killed a juggernaut
 55512 | Depths:3 | Found a one-way gate to the infinite horrors of the Abyss.
 55605 | Depths:3 | Identified the +7 scimitar of Expedience {spect, Str-2
                  | Dex+5}
 55606 | Depths:3 | Identified the ring of Hubruply {rElec rPois Dex-2 Stlth+}
 56030 | Depths:3 | an acid blob changed into a caustic shrike
 56030 | Depths:3 | Noticed a caustic shrike (glowing shapeshifter)
 56333 | Depths:4 | Entered Level 4 of the Depths
 56415 | Depths:4 | Found a one-way gateway to a ziggurat.
 56520 | Depths:4 | Reached skill level 5 in Evocations
 56620 | Depths:4 | Reached XP level 25. HP: 242/249 MP: 25/28
 56690 | Depths:4 | Found a gate to the Realm of Zot.
 57564 | Vaults:5 | Entered Level 5 of the Vaults
 57616 | Vaults:5 | Identified the +2 helmet "Bimuvuulo" {rC+ Int+5 Stlth+}
 57759 | Vaults:5 | Noticed a dread lich
 57767 | Vaults:5 | Reached skill level 10 in Evocations
 57774 | Vaults:5 | Killed a dread lich
 57800 | Vaults:5 | Noticed Sojobo
 57822 | Vaults:5 | Paralysed by an air elemental for 1 turns
 57828 | Vaults:5 | Paralysed by an air elemental for 1 turns
 57831 | Vaults:5 | Killed Sojobo
 58071 | Vaults:5 | Found the +6 arbalest "Damnation" {damnation}
 58152 | Vaults:5 | Identified the amulet "Naadanao" {Spirit rPois rC+ rN+
                  | Will+}
 58271 | Vaults:5 | Noticed an ancient lich
 58296 | Vaults:5 | Killed an ancient lich
 58392 | Vaults:5 | Noticed an ancient lich
 58404 | Vaults:5 | Killed an ancient lich
 58412 | Vaults:5 | Identified the +9 rapier of the Demagogue {flame, Str+2
                  | Int+3}
 58577 | Vaults:5 | Noticed an ancient lich
 58584 | Vaults:5 | Killed an ancient lich
 58631 | Vaults:5 | Identified the +8 pearl dragon scales of Polish {Fly rN+
                  | Will+ Int+2}
 58685 | Vaults:5 | Identified the +8 plate armour "Moniy" {rCorr MP+9 Dex+2}
 58695 | Vaults:5 | Identified the staff "Beastslayer" {*Corrode rF+++ rN+
                  | Necro}
 58697 | Vaults:5 | Identified the staff "Laucsukh" {Contam rPois rC+ Int+4
                  | Summ Ice}
 58699 | Vaults:5 | Identified the staff "Giant's Death Toll" {rPois rN+ Stlth+
                  | Necro}
 59159 | Vaults:5 | Identified the +7 scimitar "Beastbane" {flame, Dex+3}
 59187 | Vaults:5 | Reached XP level 26. HP: 97/258 MP: 20/28
 60113 | Vaults:5 | Got the Directory of Bolts
 60116 | Vaults:5 | Got a silver rune of Zot
 60120 | Vaults:5 | Identified the staff of Disembowelment {Str+5 Earth}
 60491 | Zot:1    | Entered Level 1 of the Realm of Zot
 60656 | Zot:1    | Upgraded the game from 0.31-a0-596-g831eee08f1 to
                  | 0.31-a0-609-g7bf6ffcfed
 61659 | Zot:2    | Found a transporter.
 61667 | Zot:2    | Found a transporter.
 61669 | Zot:2    | Found a transporter.
 61669 | Zot:2    | Found a transporter.
 62264 | Zot:5    | Entered Level 5 of the Realm of Zot
 62847 | Zot:5    | Noticed a Killer Klown
 62847 | Zot:5    | Noticed a Killer Klown
 62847 | Zot:5    | Noticed a Killer Klown
 62847 | Zot:5    | Noticed a dread lich
 62848 | Zot:5    | Noticed an orb of fire
 62849 | Zot:5    | Noticed an orb of fire
 62851 | Zot:5    | Got the Orb of Zot
 62853 | Zot:5    | Noticed an ancient lich
 63362 | D:$      | Escaped with the Orb!

Illustrated notes

Levels and vault maps discovered:
D:1:      shiori_arrival_elements, layout_basic, minmay_misc_feat_four_crosses,
          chequers_serial_rivers_room_a, corexii_hall_statues_u
D:2:      layout_rooms, shapermc_ecumenical_altar_mp_ritualfount, serial_shops,
          shop, minmay_indecisive_spiral
D:3:      layout_basic, serial_shops, shop
D:4:      layout_cave_pools, nicolae_hepliaklqana_hazy_memory,
          general_overflow_altar, mainiacjoe_overflow_surrounded_room,
          dk_yredelemnul_ordeal, temple_pool_b, mrwooster_statue_mirror,
          dreamdust_mushroom_princess, uniq_grinder
D:5:      layout_rooms
D:6:      layout_layer_cave, marbit_many_paths, serial_co_window_serial,
          co_window_corner_a, co_window_paths_a, co_window_paths_a,
          co_window_corner_a, co_window_paths_a, co_window_corner_cb,
          co_window_corner_b, co_window_of_opportunity_b,
          co_window_of_opportunity_c, glass_columns_a, glass_columns_c,
          glass_columns_b, glass_columns_c, minmay_misc_feat_alley,
          minmay_shop_grid_forest, uniq_duvessa
D:7:      layout_basic, gammafunk_ghost_necromancy,
          nicolae_houndstooth_variations
D:8:      layout_rooms, old_standard_altar
D:9:      layout_cave_pods, lemuel_doored_altar, nicolae_overflow_crystal_walls,
          serial_shops, nicolae_shop_bloodbath_and_beyond,
          minmay_stone_trees_large, minmay_mirror_moons_of_madness
D:10:     layout_loops_ring, mainiacjoe_overflow_catwalk_spiral,
          gammafunk_temple_overflow_statue, dpeg_oklobed_lair,
          kennysheep_generic_room_3
D:11:     layout_layer_cave, ebering_ghost_rock_garden, uniq_harold
D:12:     layout_rooms, orc_david_3, nicolae_water_bricks
D:13:     layout_cave_pools, serial_shops, nicolae_shop_dealshenge,
          nicolae_trove_entry_free_sample, grunt_ministairs_8, uniq_erolcha
D:14:     layout_big_octagon, ximxim_vaults_locker_room, serial_demonic,
          serial_demonic_a, serial_demonic_g, serial_demonic_g,
          serial_demonic_d, chequers_serial_rivers_small_a, uniq_lodul,
          uniq_rupert, uniq_josephine
D:15:     grunt_enter_depths_hoard, layout_rooms, uniq_roxanne
Temple:   eino_temple_lava
Lair:1:   layout_roguey, ebering_ghost_reflecting_pool, beast_lair_carwin_8
Lair:2:   layout_big_grid, guppyfry_snake_entry_island, minmay_holes,
          chequers_serial_rivers_marsh, minmay_lindwurm_lava,
          infiniplex_staircase_pool_2, serial_bayou_shore_b, grunt_megastairs_3
Lair:3:   layout_roguey, minmay_shoals_entry_lonely_mermaid, basic_altar,
          uniq_prince_ribbit2
Lair:4:   layout_small_grid
Lair:5:   due_jungle_book, layout_regular_city, slime_entry_1,
          lemuel_fruit_fields
Shoals:1: layout_shoals, lemuel_altar_in_water, uniq_frances, uniq_louise
Shoals:2: argonaut_golden_fleece, layout_shoals, ebering_ghost_xom,
          nicolae_shoals_shepherds
Shoals:3: layout_shoals, nicolae_shoals_spring_well_temple
Shoals:4: shoals_end_hangedman, layout_shoals, serial_shops, shop,
          nicolae_square_shop, nicolae_shop_mannequins,
          nicolae_shoals_water_booths
Snake:1:  layout_rooms, serial_shops, shop, nicolae_triple_integral
Snake:2:  layout_cave_town, serial_bayou_pond_b
Snake:3:  gammafunk_its_a_trap, layout_onion_interference, st_stairs_5
Snake:4:  johnstein_snake_rune_scales, layout_gridlike, grunt_megastairs_4,
          serial_bayou_shore_b, minmay_shop_star
Orc:1:    layout_caves, basic_altar, serial_shops, nicolae_shop_back_alley_shop,
          shop, nicolae_shop_hallway_plus, lightli_volcano_entry_magma_tube,
          uniq_snorg
Orc:2:    st_orc_town, layout_diamond_mine, uniq_jorgrun
Vaults:1: v_pattern_2, nicolae_vaults_trapezoid_lopsided_2, grunt_vaults_focal,
          grunt_vaults_swirl, ontoclasm_vaults_ligature, v_misc_15, st_cross,
          grunt_vaults_twisty, vaults_room_large_hall, nicolae_vaults_house_2,
          nicolae_vaults_wine_cellar, nicolae_vaults_little_squares_1,
          vaults_dpeg_emergency_exit, nicolae_vaults_taking_the_gang_shopping,
          vaults_room_ringed_pool, nicolae_vaults_double_plus_2,
          layout_vaults_maze_snakey, uniq_nikola
Vaults:2: nicolae_vaults_tetromino_Z_2, v_misc_23,
          minmay_crypt_entry_simple_plaza, gammafunk_sealed_arena,
          nicolae_vaults_surprise_closet, nicolae_vaults_tetromino_T_1,
          v_misc_33, nicolae_vaults_closet_pinwheel_1, hangedman_vaults_snaps,
          hangedman_vaults_capsules, hangedman_vaults_cutoff,
          layout_vaults_ring, uniq_donald
Vaults:3: portal_desolation_entry_salt, kb_rosetta,
          ontoclasm_vaults_decontamination, v_misc_30, vaults_dpeg_doors,
          v_misc_5, v_pattern_3, hangedman_vaults_locks,
          vaults_mumra_chevron_long, v_misc_22, nicolae_vaults_house_3,
          layout_vaults_chaotic_city
Vaults:4: hangedman_vaults_corner, vaults_room_semicircle,
          nicolae_vaults_storage_room_glass, nicolae_vaults_rhombus_7,
          v_rooms_4, v_misc_31, nicolae_vaults_big_angled_halls,
          hangedman_vaults_hat, nicolae_vaults_tetromino_L_1,
          layout_vaults_omnigrid, serial_shops, nicolae_shop_trees,
          serial_hangedman_research, hangedman_research_thermodynamics,
          hangedman_research_metamorphosis, hangedman_research_pyrotechnics,
          hangedman_research_toxicology
Vaults:5: serial_shops, uniq_sojobo
Crypt:1:  layout_chaotic_city, infiniplex_enter_wizlab_glasses,
          grunt_megastairs_2, grunt_crypt_arrival_split, uniq_zenata,
          uniq_josephina, uniq_margery
Crypt:2:  hangedman_screamer, layout_misc_corridors, gammafunk_ghost_grave
Crypt:3:  evilmike_haunted_forest
Depths:1: layout_gridville, minmay_misc_feat_encased, grunt_metal_band,
          grunt_decor_junction, minmay_misc_feat_rows,
          chequers_serial_rivers_micro_b, nicolae_custom_books, dispersion_dpeg,
          grunt_megastairs_5
Depths:2: hourglass_vault, layout_gridlike, hellmouth_1, elyvilon_altar_3,
          rand_demon_pan_entry_3, serial_bayou_shore_a, uniq_mara,
          uniq_bai_suzhen, uniq_enchantress
Depths:3: hellmonk_hyper_hexagons [hex_subvault_ellipse_pattern,
          hex_subvault_crossings, hex_subvault_small_grid, hex_subvault_village,
          hex_subvault_two_sheets, hex_subvault_angles, hex_subvault_uneven],
          hell_entry, abyss_entry
Depths:4: evilmike_zot_entry_basic, layout_gridlike, enter_ziggurat_e,
          hell_entry, rand_demon_pan_entry_8, chequers_serial_rivers_room_b
Zot:1:    layout_gridlike, st_stairs_1
Zot:2:    layout_misc_corridors, gammafunk_ghost_arena, nicolae_diode_quadrants
Zot:3:    gammafunk_dig_for_victory, layout_onion_interference,
          gammafunk_ghost_wrathful_warriors
Zot:4:    layout_cathedral_of_symmetry, zot_minivault_1, grunt_megastairs_1
Zot:5:    layout_misc_corridors

Skill      XL: |  1  2  3  4  5  6  7  8  9 10 11 12 13 14 15 16 17 18 19 20 21 22 23 24 25 26 |
---------------+-------------------------------------------------------------------------------+-----
Unarmed Combat | 3 4 5 6 7 9 11 13 14 15 18 19 21 23 25 26 27 | 27.0
Fighting       | 3 4 6 8 10 12 14 15 16 17 19 21 23 25 26 | 26.8
Armour         | 1 4 6 8 11 12 13 14 | 14.8
Evocations     | 4 5 13 14 | 14.0
Throwing       | 3 10 12 14 18 | 18.0
Dodging        | 0 |  0.0
Translocations | 6 7 9 12 | 12.0
Spellcasting   | 3 4 |  4.0
Air Magic      | 7 |  7.0

Action                     |  1- 3 |  4- 6 |  7- 9 | 10-12 | 13-15 | 16-18 | 19-21 | 22-24 | 25-27 || total
---------------------------+-------+-------+-------+-------+-------+-------+-------+-------+-------++-------
  Melee: Unarmed           |    93 |    89 |   308 |   587 |   842 |  1485 |  1894 |  1689 |   985 ||  7972
         Punch             |       |     2 |     1 |       |       |       |       |       |       ||     3
  Throw: Dart              |       |       |     2 |    36 |    45 |    14 |       |     4 |       ||   101
         Throwing net      |       |       |       |       |     1 |       |       |       |       ||     1
         Stone             |       |       |       |       |    11 |       |       |       |       ||    11
         Boomerang         |       |       |       |       |       |    31 |   106 |    25 |    67 ||   229
         Javelin           |       |       |       |       |       |     6 |       |     7 |    25 ||    38
   Cast: Vhi's Electric Ch |       |       |       |       |    14 |   192 |   158 |   190 |    73 ||   627
         Lesser Beckoning  |       |       |       |       |     2 |       |       |       |       ||     2
         Blink             |       |       |       |       |       |     4 |     3 |     1 |       ||     8
         Manifold Assault  |       |       |       |       |       |       |    16 |    30 |     2 ||    48
         Apportation       |       |       |       |       |       |       |       |     1 |     1 ||     2
 Invoke: Sacrifice Drink   |       |       |     1 |       |       |       |       |       |       ||     1
         Sacrifice a Hand  |       |       |     1 |       |       |       |       |       |       ||     1
         Power Leap        |       |       |     5 |     2 |     4 |     9 |     8 |     1 |     4 ||    33
         Sacrifice Stealth |       |       |     1 |       |       |       |       |       |       ||     1
         Apocalypse        |       |       |       |     1 |     4 |     6 |     3 |     6 |     1 ||    21
         Sacrifice Nimblen |       |       |       |     1 |       |       |       |       |       ||     1
         Sacrifice Purity  |       |       |       |     1 |       |       |       |       |       ||     1
         Draw Out Power    |       |       |       |       |       |       |     2 |     1 |       ||     3
  Evoke: Wand              |       |     1 |     2 |       |       |     8 |     9 |     1 |     3 ||    24
         Box of beasts     |       |       |       |       |       |     1 |       |       |     2 ||     3
         Phantom mirror    |       |       |       |       |       |       |       |       |     1 ||     1
    Use: Scroll            |     4 |     2 |     2 |     7 |    10 |     6 |     7 |     5 |    12 ||    55
         Potion            |       |       |       |     1 |     4 |     1 |     1 |     1 |     9 ||    17
   Stab: Invisible         |       |       |     3 |     5 |     2 |     7 |    11 |     7 |     8 ||    43
         Distracted        |       |       |     1 |     2 |     3 |     7 |     5 |     7 |     4 ||    29
         Paralysed         |       |       |       |     6 |    14 |    14 |    10 |    17 |       ||    61
 Armour: Leather armour    |    12 |       |       |       |       |       |       |       |       ||    12
         Ring mail         |    12 |     8 |       |       |       |       |       |       |       ||    20
         Chain mail        |       |    17 |       |     6 |   308 |   604 |   818 |   646 |   234 ||  2633
         Scale mail        |       |       |    65 |       |       |       |       |       |       ||    65
         Plate armour      |       |       |    90 |   213 |       |       |       |       |       ||   303
         Pearl dragon scal |       |       |       |       |       |       |       |       |   273 ||   273
  Dodge: Dodged            |    32 |    20 |    99 |   103 |   253 |   382 |   467 |   338 |   205 ||  1899

Table legend: (Time is in decaauts)
 A = Elapsed time spent in this place.
 B = Non-inter-level travel time spent in this place.
 C = Inter-level travel time spent in this place.
 D = Time resting spent in this place.
 E = Time spent auto-exploring this place.
 F = Levels seen in this place.
 G = Mean time per level.
                   A        B        C        D        E       F      G
               +--------+--------+--------+--------+--------+-----+--------+
         Total |  60726 |  55021 |   5705 |  15644 |  23221 |  53 | 1145.8 |
       Dungeon |  16268 |  14035 |   2233 |   2761 |   7829 |  15 | 1084.5 |
        Temple |     18 |     18 |      0 |      0 |      0 |   1 |   18.0 |
          Lair |   8087 |   7247 |    840 |   2123 |   3224 |   5 | 1617.4 |
        Shoals |   5141 |   4932 |    209 |   1651 |   1869 |   4 | 1285.2 |
     Snake Pit |   6046 |   5789 |    257 |   2359 |   2130 |   4 | 1511.5 |
  Orcish Mines |   2405 |   1943 |    462 |    428 |    954 |   2 | 1202.5 |
        Vaults |   9094 |   8383 |    711 |   2154 |   3593 |   5 | 1818.8 |
         Crypt |   2417 |   2231 |    186 |    603 |    909 |   3 |  805.7 |
        Depths |   6516 |   5925 |    591 |   1910 |   2450 |   4 | 1629.0 |
           Zot |   2340 |   2126 |    214 |   1176 |     32 |   5 |  468.0 |
         Abyss |    907 |    907 |      0 |     12 |      3 |   3 |  302.3 |
       Volcano |    330 |    330 |      0 |    114 |      0 |   1 |  330.0 |
        Wizlab |   1152 |   1152 |      0 |    352 |    226 |   1 | 1152.0 |
               +--------+--------+--------+--------+--------+-----+--------+

Top non-repeatable levels by time:
Depths:2: 2445 daAuts
Vaults:5: 2397 daAuts
Vaults:4: 2057 daAuts
 Snake:4: 2029 daAuts
    D:14: 1901 daAuts
  Lair:1: 1837 daAuts
Vaults:3: 1796 daAuts
   Orc:2: 1778 daAuts
  Lair:2: 1729 daAuts
     D:6: 1725 daAuts
Shoals:3: 1700 daAuts
 Snake:2: 1691 daAuts
  Lair:5: 1563 daAuts
Depths:1: 1562 daAuts
Vaults:1: 1543 daAuts
